 Dungeon Crawl Stone Soup version 0.17-a0-701-gb6462b4 (webtiles) character file.

70 Mihr the Covered (level 4, 0/40 HPs)
             Began as a Deep Dwarf Fighter on Apr 20, 2015.
             Slain by a shadow imp (2 damage)
             ... summoned by Natasha
             ... on level 2 of the Dungeon.
             The game lasted 00:04:50 (796 turns).

Mihr the Covered (Deep Dwarf Fighter)                Turns: 796, Time: 00:04:51

Health: 0/40       AC: 13    Str: 20    XL:     4   Next: 3%
Magic:  4/4        EV:  4    Int:  9    God:
Gold:   38         SH:  9    Dex: 12    Spells: 0 memorised, 3 levels left

rFire  . . .     SeeInvis .     a - +0 long sword
rCold  . . .     Clarity  .     o - +0 plate armour
rNeg   . . .     SustAb   .     c - +0 shield
rPois  .         Gourm    .     (no helmet)
rElec  .         Spirit   .     (no cloak)
rCorr  .         Warding  .     (no gloves)
rMut   .         Rnd*Tele +     l - +0 pair of boots
MR     .....                    (no amulet)
Stlth  ..........               (no ring)
                                n - ring of teleportation (curse)

@: non-regenerating, not resistant to hostile enchantments, extremely unstealthy
A: damage resistance, recharge devices, sense surroundings 1, slow healing 3
a: Device Recharging, Evoke Teleportation


You were on level 2 of the Dungeon.
You were full.

You visited 1 branch of the dungeon, and saw 2 of its levels.

You collected 38 gold pieces.

Inventory:

Hand weapons
 a - a +0 long sword (weapon)
 j - a -1 short sword
Armour
 b - a +0 scale mail
 c - a +0 shield (worn)
 l - a +0 pair of boots (worn)
 m - a +0 chain mail
 o - a +0 plate armour (worn)
Jewellery
 n - a cursed ring of teleportation (left hand)
Magical devices
 d - a wand of heal wounds (5)
Scrolls
 g - a scroll of enchant armour {unknown}
 p - a scroll of magic mapping
Potions
 e - a potion of might
 h - a potion of cure mutation
 i - a potion of mutation {unknown}
Comestibles
 k - a meat ration


   Skills:
 + Level 2.9 Fighting
 + Level 0.1(1.4) Short Blades
 + Level 2.7 Long Blades
 + Level 4.0 Armour
 + Level 0.4 Dodging
 + Level 4.0 Shields


You had 3 spell levels left.
You didn't know any spells.

Dungeon Overview and Level Annotations

Branches:
Dungeon (2/15)

Altars:

Annotations:
D:2 Natasha


Innate Abilities, Weirdness & Mutations

You are resistant to damage.
You can recharge devices by infusing magical energy.
You passively map a small area around you.
You do not heal naturally.


Message History

The shadow imp completely misses you.
Natasha zaps a wand.
The puff of frost hits you!
It is a wand of frost.
The shadow imp barely misses you.
You hit the shadow imp.
The shadow imp is moderately wounded.
Natasha zaps a wand.
The puff of frost hits you!
* * * LOW HITPOINT WARNING * * *
The shadow imp completely misses you.
Your plate armour prevents you from hitting the shadow imp.
The shadow imp is moderately wounded.
Natasha zaps a wand.
The puff of frost hits you!
* * * LOW HITPOINT WARNING * * *
The shadow imp barely misses you.
Natasha casts a spell.
You block the shadow imp's attack.
Your shield prevents you from hitting the shadow imp.
The shadow imp is moderately wounded.
Natasha stares at you and mumbles some strange words.
You easily resist.
The shadow imp hits you.
You die...

###.# #..# # #<..# #..#
# # #.#.# #.##### #
###### * #.#.#** #..†..#
# ...... ,
..#.......###.# #
########################
#.# # .....(.....# #.# #
##########.##########
#.# # #.....5@h55# #.# #
##########.# #.# #
##.######.######
#...............
#.############## ### #.#
[.# #.# #.# #.# #.# #.#


You could see Natasha, a crimson imp and 2 shadow imps.

Vanquished Creatures
  Natasha (twice) (D:2)
  An adder (D:2)
  An ooze (D:1)
  5 hobgoblins
  A ball python (D:2)
  2 bats
  A giant newt (D:2)
  5 goblins
  7 kobolds
  2 rats (D:2)
27 creatures vanquished.

Notes
Turn   | Place    | Note
--------------------------------------------------------------
     0 | D:1      | Mihr, the Deep Dwarf Fighter, began the quest for the Orb.
     0 | D:1      | Reached XP level 1. HP: 20/20 MP: 1/1
   188 | D:1      | Reached XP level 2. HP: 25/27 MP: 2/2
   397 | D:2      | Noticed Natasha
   405 | D:2      | Killed Natasha
   405 | D:2      | Reached XP level 3. HP: 18/33 MP: 3/3
   570 | D:2      | Reached skill level 4 in Armour
   599 | D:2      | Noticed Natasha
   606 | D:2      | Killed Natasha
   711 | D:2      | Reached XP level 4. HP: 20/40 MP: 4/4
   788 | D:2      | Noticed Natasha
   795 | D:2      | HP: 2/40 [Natasha/wand of frost (5)]
   796 | D:2      | Slain by a shadow imp

Action                   |  1- 3 |  4- 6 || total
-------------------------+-------+-------++-------
Melee: Short sword       |    25 |       ||    25
       Long sword        |    47 |     9 ||    56
  Use: Scroll            |     4 |       ||     4
  Eat: Bread ration      |     1 |       ||     1
